Map: Ever Dream LE

Players

INnoVation - Winner!

  • Race: Terran Terran
  • Spawn Location: 1:00

ShoWTimE

  • Race: Protoss Protoss
  • Spawn Location: 7:00

Event: StayAtHomestory Cup #2

VOD

Have the link to the VOD?

Description

Time

  • Played on: June 13, 2020, 5:27 a.m.
  • Length: 12:05

All games in this series

Show
View Real Time Build Order
Export as new Build Order

INnoVation Terran - Winner!

Build Orders:  

Get SALT Encoding   

  12  0:00  SCV  
  13  0:13  SCV  
  14  0:17  Supply Depot  
  14  0:25  SCV  
  15  0:38  SCV  
  15  0:40  Barracks  
  16  0:43  Refinery  
  16  0:50  SCV  
  16  0:52  Refinery  
  17  1:03  SCV  
  18  1:06  Supply Depot  
  18  1:15  SCV  
  19  1:27  Reaper  
  19  1:30  Orbital Command  
  20  1:41  Factory  
  20  1:56  SCV  
  21  2:04  Barracks Reactor  
  21  2:08  SCV  
  22  2:17  Command Center  
  22  2:20  SCV  
  23  2:25  Widow Mine  
  25  2:32  SCV  
  25  2:35  Barracks  
  26  2:44  SCV  
  26  2:46  Barracks  
  26  2:47  Factory Tech Lab  
  27  2:58  Supply Depot  
  29  3:01  SCV  
  30  3:09  Siege Tank  
  31  3:19  SCV, Marine x2  
  34  3:22  Barracks Tech Lab  
  32  3:30  Orbital Command  
  32  3:34  Barracks Tech Lab  
  32  3:37  SCV  
  32  3:49  SCV  
  32  3:51  Factory Reactor, Starport  
  33  3:56  SCV  
  33  3:57  Stimpack  
  33  4:01  SCV  
  35  4:03  Engineering Bay  
  35  4:05  Refinery  
  35  4:08  SCV, Marine  
  37  4:13  SCV  
  36  4:20  SCV  
  37  4:25  SCV  
  37  4:27  Raven  
  37  4:30  Marine x3, Supply Depot  
  37  4:31  Marine  
  44  4:32  SCV  
  44  4:37  SCV  
  46  4:40  Terran Infantry Weapons Level 1  
  46  4:44  SCV  
  47  4:46  Supply Depot  
  47  4:48  Marine x2  
  47  4:49  SCV  
  50  4:54  Marauder x2  
  50  4:56  SCV, Combat Shield  
  55  5:02  SCV  
  55  5:06  Marine x2  
  58  5:08  SCV  
  58  5:09  Supply Depot  
  58  5:14  SCV  
  60  5:18  Supply Depot, Medivac  
  60  5:19  Medivac  
  60  5:21  SCV  
  65  5:26  Marauder x2  
  65  5:27  Marine  
  70  5:30  SCV, Marine  
  70  5:33  SCV  
  70  5:39  Concussive Shells  
  70  5:42  SCV, Supply Depot  
  71  5:44  Refinery  
  71  5:45  SCV  
  71  5:48  Marauder  
  74  5:50  Missile Turret  
  74  5:52  Marine x2  
  76  5:57  Medivac  
  76  5:58  Supply Depot  
  76  5:59  Medivac  
  76  6:03  SCV  
  76  6:04  SCV  
  82  6:07  Supply Depot  
  82  6:11  Marauder x2  
  86  6:14  Marine x2  
  86  6:17  SCV  
  86  6:18  SCV  
  88  6:33  SCV x2  
  88  6:38  Command Center, Marauder x2  
  90  6:41  Terran Infantry Armor Level 1  
  90  6:43  Marine x2  
  90  6:44  Supply Depot  
  92  6:52  SCV x2  
  92  6:53  Viking  
  92  6:54  Viking  
  100  7:01  Marauder x2  
  100  7:02  Marine x2  
  100  7:05  SCV x2  
  106  7:12  Supply Depot  
  106  7:17  SCV x2  
  108  7:25  Viking  
  108  7:27  Viking  
  108  7:29  Barracks  
  112  7:33  Barracks, SCV x2  
  112  7:35  Factory Reactor  
  114  7:37  Marauder x2  
  114  7:38  Marine x2  
  120  7:45  SCV x2  
  120  7:50  Orbital Command  
  122  7:53  Supply Depot  
  122  7:58  Medivac x2  
  126  7:59  Marine x2, Marauder x2  
  126  8:03  SCV x2  
  134  8:08  Supply Depot  
  134  8:18  Marine x2, Marauder  
  134  8:19  SCV x3  
  135  8:21  Marauder x2  
  137  8:30  Armory, Refinery x2  
  137  8:31  Engineering Bay  
  137  8:32  Barracks Reactor  
  137  8:35  SCV  
  137  8:36  SCV x2  
  137  8:38  Viking  
  137  8:39  Viking  
  144  8:42  Ghost Academy  
  144  8:48  Missile Turret, Supply Depot  
  144  8:50  Supply Depot  
  144  8:52  Marauder  
  144  8:53  Marine x3, Marauder x2  
  153  9:07  Supply Depot x2  
  153  9:11  Marine  
  153  9:16  Ghost x3, Command Center  
  160  9:17  Enhanced Shockwaves  
  160  9:21  Terran Infantry Weapons Level 2  
  160  9:24  Terran Infantry Armor Level 2  
  160  9:28  Terran Ship Weapons Level 1  
  160  9:31  Marine x3  
  162  9:45  Marine  
  163  9:46  Barracks  
  163  9:47  Barracks  
  163  9:49  Barracks, Missile Turret  
  163  9:50  Ghost  
  163  9:51  Ghost  
  167  9:56  Viking  
  167  9:57  Viking  
  171  10:00  Marine  
  171  10:01  Marine  
  173  10:09  Missile Turret  
  173  10:11  Missile Turret, Supply Depot  
  173  10:12  Missile Turret, Supply Depot  
  173  10:15  Marine x2  
  175  10:23  Ghost x3  
  181  10:30  Medivac x2  
  181  10:34  Missile Turret x2  
  181  10:35  Missile Turret  
  182  10:45  Planetary Fortress  
  182  10:46  SCV x3  
  185  10:50  Barracks Reactor, Barracks Tech Lab x2  
  185  10:55  Refinery  
  185  10:56  Refinery  
  183  10:59  Marine x4, Marauder  
  183  11:02  Ghost x2  
  192  11:18  Marauder x2  
  192  11:19  Marine x4  
  192  11:20  Sensor Tower  
  192  11:21  Marauder  
  198  11:31  Marine  
  199  11:39  Command Center  
Show
View Real Time Build Order
Export as new Build Order

ShoWTimE Protoss 

Build Orders: 1 Gate Expand, Colossus Rush 

Get SALT Encoding   

  12  0:00  Probe  
  13  0:12  Probe  
  14  0:17  Pylon  
  14  0:24  Probe  
  15  0:32  Probe  
  15  0:37  Gateway  
  15  0:40  Probe  
  16  0:46  Assimilator  
  17  0:51  Probe  
  18  1:03  Probe  
  19  1:15  Probe  
  20  1:24  Cybernetics Core  
  20  1:32  Nexus  
  20  1:35  Probe  
  21  1:43  Pylon  
  21  1:47  Probe  
  21  1:49  Assimilator  
  21  1:51  Adept  
  22  1:59  Probe  
  25  2:02  Warp Gate  
  25  2:11  Adept, Probe  
  28  2:23  Probe  
  28  2:26  Robotics Facility  
  29  2:34  Adept  
  29  2:35  Probe  
  32  2:44  Probe  
  32  2:47  Probe  
  34  2:56  Probe  
  34  2:57  Stalker  
  35  2:59  Probe  
  35  3:01  Gateway  
  36  3:08  Probe  
  36  3:12  Probe  
  40  3:13  Observer  
  40  3:20  Probe  
  40  3:21  Pylon  
  40  3:24  Probe  
  42  3:28  Robotics Bay  
  42  3:32  Probe  
  43  3:37  Warp Prism  
  43  3:40  Probe  
  46  3:44  Probe  
  46  3:50  Pylon  
  46  3:52  Probe, Stalker  
  46  3:53  Probe  
  49  4:00  Assimilator  
  49  4:01  Probe  
  50  4:04  Probe, Assimilator  
  50  4:07  Colossus  
  50  4:08  Observer  
  52  4:11  Probe  
  52  4:16  Probe  
  52  4:17  Gravitic Drive  
  58  4:24  Probe  
  58  4:28  Pylon  
  59  4:32  Probe  
  59  4:36  Probe  
  61  4:41  Gateway  
  61  4:45  Gateway, Pylon  
  61  4:51  Probe x2  
  63  5:02  Observer  
  63  5:03  Forge, Probe x2  
  63  5:06  Sentry, Twilight Council  
  67  5:08  Observer  
  67  5:10  Pylon  
  68  5:14  Sentry  
  69  5:30  Immortal  
  73  5:41  Nexus  
  73  5:46  Probe x2  
  75  5:53  Gateway  
  75  5:54  Gateway  
  75  5:58  Probe x2  
  75  6:01  Templar Archives  
  77  6:05  Gateway  
  77  6:06  Gateway  
  77  6:10  Probe x2  
  79  6:14  Pylon  
  83  6:27  Zealot  
  83  6:31  Extended Thermal Lance  
  83  6:32  Colossus, Twilight Council  
  85  6:44  Forge  
  86  6:48  Zealot x4  
  86  6:50  Probe x2  
  93  6:54  Probe  
  94  7:03  Pylon  
  94  7:06  Shield Battery  
  93  7:14  Protoss Ground Armor Level 1, Charge, Zealot x2  
  93  7:15  Stalker x3  
  103  7:19  Colossus  
  108  7:42  Pylon  
  108  7:43  Pylon  
  108  7:45  Pylon  
  108  7:47  Shield Battery  
  108  7:51  Pylon  
  108  8:00  Pylon  
  108  8:06  Zealot x3, Stalker x3  
  108  8:11  Stalker  
  116  8:28  Probe x3, Pylon  
  116  8:31  Immortal  
  116  8:34  Zealot x4  
  127  8:35  Pylon  
  129  8:47  High Templar x2  
  129  8:48  Zealot  
  134  8:54  Archon  
  134  8:55  Probe x3  
  135  8:58  Protoss Ground Weapons Level 1  
  135  8:59  Assimilator  
  137  9:03  Assimilator, Shield Battery  
  137  9:04  High Templar  
  137  9:05  High Templar  
  137  9:06  Pylon  
  137  9:07  Probe x2  
  137  9:08  Probe  
  144  9:12  Archon  
  144  9:13  Blink  
  144  9:19  Probe  
  144  9:20  Probe, Shield Battery  
  144  9:23  Phoenix  
  146  9:26  Immortal  
  146  9:28  Pylon  
  150  9:36  Probe x3  
  150  9:47  High Templar x2  
  150  9:48  Probe  
  150  9:51  Archon  
  155  9:56  Nexus  
  155  9:59  Pylon  
  155  10:07  Pylon  
  155  10:10  Immortal  
  159  10:14  High Templar x2  
  159  10:18  Archon  
  159  10:20  Stalker  
  159  10:21  Photon Cannon, Stalker  
  167  10:22  Probe  
  167  10:23  Probe  
  167  10:25  Probe  
  170  10:30  Pylon  
  170  10:48  Warp Prism  
  172  10:51  High Templar x3  
  172  10:52  High Templar, Zealot  
  172  10:53  Zealot x2  
  172  10:56  Archon  
  172  10:57  Archon  
  186  10:59  Gateway  
  186  11:01  Gateway  
  184  11:16  Stalker  
  184  11:17  Stalker x2  
  190  11:20  Probe  
  190  11:21  Probe x3  
  190  11:22  Robotics Facility  
  194  11:26  Zealot x3  
  182  11:47  Zealot x6  
  182  11:48  Zealot  
  128  11:56  Zealot  
Tags
 
Add a new tag
Caveats
  • Supply blocks, unpowered buildings, or Contaminate may cause inaccurate times.
  • Supply counts are checked every 10 seconds.